 Dungeon Crawl Stone Soup version 0.28-a0-1347-g113dc556a4 (webtiles) character file.

Game seed: 8320412553432544660

1568 Turgor the Magician (level 9, -1/66 HPs)
             Began as a Djinni Fire Elementalist on Dec 28, 2021.
             Slain by a hound (2 damage)
             ... on level 6 of the Dungeon on Dec 29, 2021.
             The game lasted 00:36:10 (6509 turns).

Turgor the Magician (Djinni Fire Elementalist)      Turns: 6509, Time: 00:36:11

Health: -1/66      AC:  6    Str: 15    XL:     9   Next: 13%
Gold:   181        EV: 13    Int: 20    God:
                   SH:  0    Dex: 13

rFire   + + .      SeeInvis .   l - +1 dagger (flame)
rCold   x . .      Faith    .   (no shield)
rNeg    . . .      Spirit   .   a - +0 robe
rPois   ∞          Reflect  .   n - +0 helmet
rElec   .          Harm     .   g - +1 cloak
rCorr   .          Rampage  .   o - +0 pair of gloves
Will    .....                   (boots unavailable)
Stlth   ++........              (no amulet)
HPRegen 0.21/turn               r - +6 ring of strength
MPRegen 0.00/turn               (no ring)

@: mighty, flying
A: sickness immunity, fire resistance 2, cold vulnerability 1, float, innate
caster, hp casting, extra vitality 1
a: no special abilities


You were on level 6 of the Dungeon.
You visited 1 branch of the dungeon, and saw 6 of its levels.
You also visited: Ossuary.

You collected 181 gold pieces.

Inventory:

Hand Weapons
 h - a +0 hand crossbow
 l - a +1 dagger of flaming (weapon)
 s - a +0 hunting sling
Missiles
 b - 193 stones
 e - 14 poisoned darts (quivered)
 i - 41 sling bullets
Armour
 a - a +0 robe (worn)
 g - a +1 cloak (worn)
 n - a +0 helmet (worn)
 o - a +0 pair of gloves (worn)
 B - a +0 buckler
 C - a +0 ring mail
Magical Staves
 y - a staff of death
Jewellery
 r - a +6 ring of strength (left hand)
Wands
 k - a wand of flame (29)
Scrolls
 c - a scroll of acquirement {unknown}
 d - a scroll of brand weapon {unknown}
 j - a scroll of magic mapping {unknown}
 q - 2 scrolls of teleportation {unknown}
 t - a scroll of holy word {unknown}
 u - a scroll of blinking {unknown}
Potions
 f - 3 potions of invisibility
 m - a potion of mutation
 p - 2 potions of attraction
 v - 2 potions of might
 w - 2 potions of curing
 x - a potion of haste {unknown}
 z - 3 potions of heal wounds {unknown}
 A - 2 potions of lignification {unknown}
 D - a potion of magic {unknown}
 E - a potion of resistance {unknown}


   Skills:
 + Level 5.9 Fighting
 - Level 3.1 Dodging
 - Level 2.0 Stealth
 * Level 7.1 Spellcasting


You couldn't memorise any spells.
You knew the following spells:

 Your Spells              Type           Power      Damage    Failure   Level
a - Foxfire               Conj/Fire      100%       2x1d9     1%          1
b - Scorch                Fire           70%        2d9       1%          2
c - Conjure Flame         Conj/Fire      35%        6-21      1%          3
d - Inner Flame           Hex/Fire       35%        N/A       1%          3
e - Flame Wave            Conj/Fire      35%        2d7       4%          4
f - Freeze                Ice            100%       1d11      1%          1
g - Searing Ray           Conj           70%        2d7       1%          2
h - Call Canine Familiar  Summ           35%        N/A       1%          3
i - Animate Armour        Summ/Erth      70%        N/A       4%          4
Your spell library was empty.

Dungeon Overview and Level Annotations

Branches:
Dungeon (6/15)            Ossuary (visited)
 Temple: D:4-7

Altars:


Innate Abilities, Weirdness & Mutations

You are immune to sickness and miasma.
You are immune to poison.
Your flesh is very heat resistant. (rF++)
You are vulnerable to cold. (rC-)
You float through the air rather than walking.
You learn spells naturally, not from books.
Your magical power is your life essence.
You have superior vitality. (+4 MHP)


Message History

Okay, then.
Okay, then.
Okay, then.
You feel better. The adder bites you but does no damage. The hound bites you.
* * * LOW HITPOINT WARNING * * *
The adder misses you.
Casting: Foxfire (safe; 1% risk of failure)
Confirm with . or Enter, or press ? or * to list all spells.
You conjure some foxfire!
* * * LOW HITPOINT WARNING * * *
The hound bites you.
* * * LOW HITPOINT WARNING * * *
The adder barely misses you. The hound bites you.
* * * LOW HITPOINT WARNING * * *
The foxfire hits the adder.
The adder is almost dead.
The foxfire hits the adder.
You kill the adder!
The hound bites you.
* * * LOW HITPOINT WARNING * * *
Unknown command.
The hound bites you but does no damage.
Casting: Foxfire (safe; 1% risk of failure)
Confirm with . or Enter, or press ? or * to list all spells.
You conjure some foxfire!
* * * LOW HITPOINT WARNING * * *
The hound closely misses you.
The foxfire hits the hound.
The hound is severely wounded.
The hound bites you but does no damage.
The foxfire hits the hound.
The hound is almost dead.
The hound bites you.
* * * LOW HITPOINT WARNING * * *
Unknown command.
Casting: Foxfire (safe; 1% risk of failure)
Confirm with . or Enter, or press ? or * to list all spells.
You conjure some foxfire!
* * * LOW HITPOINT WARNING * * *
The hound bites you.
You die...

[ #...#... .. #...#.W ..
##..... ####### #. #....#
#.....# #.. #....# ##.###.#
.##...#....####.. ....<#.#
.........S......?
.....#.#.###########.#########
.....#[#.......v@.†..†.....>..
.....#.#.......v.h......#.#.#
.....#.################.#.#
.....#.#............#v§...#
##.#.#.#.##########.#§#.###
#.#.#.#.# #.#.#.# #.#.#.#.#
#.# #.# #.#...#.# #.# #.#
#.#####.# #.# #.#


You could see a hound (ally target).

Vanquished Creatures
  A hornet (D:6)
  Sigmund (D:2)
  A black bear (D:5)
  2 necrophages
  An ogre (D:4)
  A phantom (D:6)
  A scorpion (D:4)
  2 water moccasin zombies (Ossuary)
  A water moccasin skeleton (D:4)
  4 jellies
  A bullfrog skeleton (D:5)
  A gnoll shaman (D:5)
  2 iguanas
  Terence (D:2)
  2 orc wizards (D:3)
  A scorpion zombie (D:5)
  2 mummies (Ossuary)
  5 gnolls (D:5)
  6 adders
  An ufetubus (D:5)
  4 adder zombies (Ossuary)
  2 worms
  A dart slug (D:1)
  12 orcs
  8 bats
  8 endoplasms
  2 giant cockroaches (D:3)
  3 gnoll zombies (Ossuary)
  11 goblins
  4 hobgoblins
  3 jackals (D:1)
  6 kobolds
  3 quokkas
  3 ball pythons
  6 frilled lizards
  3 hobgoblin zombies (Ossuary)
  3 kobold zombies (Ossuary)
  5 orc zombies (Ossuary)
  6 rats
130 creatures vanquished.

Vanquished Creatures (collateral kills)
  9 foxfires (D:5)
9 creatures vanquished.

Vanquished Creatures (others)
  352 foxfires
  26 plants (D:5)
378 creatures vanquished.

Grand Total: 517 creatures vanquished

Notes
Turn   | Place    | Note
-------+----------+-------------------------------------------
     0 | D:1      | Turgor the Djinni Fire Elementalist began the quest for the
                  | Orb.
     0 | D:1      | Reached XP level 1. HP: 15/15 MP: 0/0
   163 | D:1      | Reached XP level 2. HP: 19/21 MP: 0/0
   532 | D:1      | Reached XP level 3. HP: 19/25 MP: 0/0
   532 | D:1      | Learned a level 1 spell: Freeze
   598 | D:1      | Found a faded altar of an unknown god.
  1347 | D:2      | Reached skill level 1 in Fighting
  1391 | D:2      | Reached XP level 4. HP: 31/32 MP: 0/0
  1542 | D:2      | Noticed Terence
  1550 | D:2      | Killed Terence
  1551 | D:2      | Reached skill level 3 in Spellcasting
  1857 | D:2      | Noticed Sigmund
  2411 | D:3      | Reached XP level 5. HP: 35/38 MP: 0/0
  2411 | D:3      | Learned a level 2 spell: Searing Ray
  2715 | D:3      | Reached XP level 6. HP: 29/45 MP: 0/0
  3284 | D:4      | Reached skill level 4 in Spellcasting
  3325 | D:4      | Noticed an ogre
  3336 | D:4      | Killed an ogre
  3337 | D:4      | Reached XP level 7. HP: 40/50 MP: 0/0
  3337 | D:4      | Learned a level 3 spell: Call Canine Familiar
  3375 | D:4      | Found a sand-covered staircase.
  3380 | Ossuary  | Entered an ossuary
  4087 | Ossuary  | Reached skill level 5 in Spellcasting
  4943 | D:5      | Entered Level 5 of the Dungeon
  5277 | D:5      | Reached XP level 8. HP: 44/58 MP: 0/0
  5771 | D:5      | Reached skill level 6 in Spellcasting
  6114 | D:5      | Upgraded the game from 0.28-a0-1339-ga5422284a4 to
                  | 0.28-a0-1347-g113dc556a4
  6227 | D:2      | Killed Sigmund
  6228 | D:2      | Reached skill level 5 in Fighting
  6488 | D:6      | Noticed a hornet
  6502 | D:6      | Killed a hornet
  6503 | D:6      | Reached skill level 7 in Spellcasting
  6503 | D:6      | Reached XP level 9. HP: 4/66 MP: 0/0
  6503 | D:6      | Learned a level 4 spell: Animate Armour
  6508 | D:6      | HP: 2/66 [hound (2)]
  6509 | D:6      | Slain by a hound

Illustrated notes

Levels and vault maps discovered:
D:1:      dpeg_arrival_shrine, layout_basic, ebering_ecumenical_altar_webs
D:2:      layout_loops_ring, serial_bayou_pond_d,
          chequers_serial_rivers_large_b, corexii_leaking_fountain,
          uniq_terence, uniq_sigmund
D:3:      layout_basic, hangedman_decor_growths, patterned_corridor
D:4:      layout_basic, enter_ossuary_5
D:5:      layout_basic, serial_bayou_lagoon_a,
          amcnicky_mini_rare_corridor_liquid
D:6:      minmay_recursive_quarters, layout_basic, portal_sewer_entry_e

Skill      XL: |  1  2  3  4  5  6  7  8 |
---------------+-------------------------+-----
Stealth        | 2 |  2.0
Dodging        | 3 |  3.1
Fighting       | 1 2 3 4 5 |  5.9
Spellcasting   | 3 4 5 7 |  7.1

Action                   |  1- 3 |  4- 6 |  7- 9 || total
-------------------------+-------+-------+-------++-------
Melee: Unarmed           |     1 |       |       ||     1
       Dagger            |       |       |     5 ||     5
Throw: Dart              |       |     2 |       ||     2
 Cast: Foxfire           |    50 |    57 |   105 ||   212
       Scorch            |       |     8 |    51 ||    59
       Freeze            |       |     6 |       ||     6
  Use: Scroll            |       |       |     5 ||     5
       Potion            |       |       |     3 ||     3
Armor: Robe              |       |     4 |    15 ||    19
Dodge: Dodged            |     3 |    22 |    36 ||    61

Table legend: (Time is in decaauts)
 A = Elapsed time spent in this place.
 B = Non-inter-level travel time spent in this place.
 C = Inter-level travel time spent in this place.
 D = Time resting spent in this place.
 E = Time spent auto-exploring this place.
 F = Levels seen in this place.
 G = Mean time per level.
                   A        B        C        D        E       F      G
               +--------+--------+--------+--------+--------+-----+--------+
         Total |   6511 |   5975 |    536 |   1559 |   2613 |   7 |  930.1 |
       Dungeon |   5712 |   5176 |    536 |   1028 |   2613 |   6 |  952.0 |
       Ossuary |    799 |    799 |      0 |    531 |      0 |   1 |  799.0 |
               +--------+--------+--------+--------+--------+-----+--------+

Top non-repeatable levels by time:
     D:2: 1241 daAuts
     D:1: 1240 daAuts
     D:5: 1202 daAuts
     D:3: 944 daAuts
     D:4: 924 daAuts
 Ossuary: 799 daAuts
     D:6: 158 daAuts
